AoeStats
← Forlong

MegaRandom

514667455Analyzed
4v4 RM · 18d ago on Oct 18, 2026· 136m 41s· 8 players
Game mode
Random Map
Map size
Large (8 player)
Population
200
Speed
Normal
Resources
Standard
Victory
Conquest
Starting age
Dark Age
Ending age
Imperial Age
RankedLock teamsTeams togetherTeam positionsShared explorationLock speedFull tech treeHidden civsTurbo modeCheats
Victory
Defeat
🇩🇪 Huns · Germany
1184
+10
🇩🇪 Spanish · Germany
1154
+11
🇩🇪 Maya · Germany
1000
+17
🇩🇪 Byzantines · Germany
989
+18
vs
🇺🇸 Danes · United States
1057
-15
🇬🇧 Varangians · United Kingdom
1054
-15
🇲🇽 Cumans · Mexico
1024
-13
1017
-13
DRAGONROJO500
9:28 Loom
11:16 Feudal Age
13:05 Wheelbarrow
12:18 Double-Bit Axe
19:38 Castle Age
20:24 Scale Barding Armor
21:24 Bow Saw
26:09 Forging
27:36 Gold Mining
29:45 Gold Shaft Mining
29:57 Iron Casting
31:11 Bloodlines
32:37 Chain Barding Armor
34:53 Hand Cart
35:26 Fletching
41:47 Steppe Husbandry
42:29 Horse Collar
43:49 Bodkin Arrow
55:23 Imperial Age
53:35 Heavy Plow
54:01 Town Watch
54:20 Stone Mining
56:04 Padded Archer Armor
56:26 Ballistics
55:54 Elite Steppe Lancer
58:41 Blast Furnace
63:03 Plate Barding Armor
62:56 Cavalier
64:47 Chemistry
64:07 Man-at-Arms
64:47 Squires
64:50 Scale Mail Armor
65:07 Long Swordsman
65:30 Paladin
67:45 Two-Handed Swordsman
69:46 Arson
81:27 Leather Archer Armor
82:47 Parthian Tactics
84:12 Heavy Cavalry Archer
85:18 Thumb Ring
90:06 Ring Archer Armor
89:41 Pikeman
91:58 Murder Holes
92:14 Masonry
93:08 Chain Mail Armor
93:14 Champion
95:46 Conscription
104:57 Town Patrol
105:54 Devotion
107:22 Plate Mail Armor
106:45 Heated Shot
122:39 Caravan
125:01 Town Patrol
132:29 Halberdier
Nick_618
12:35 Feudal Age
12:56 Loom
13:35 Double-Bit Axe
13:34 Horse Collar
16:29 Castle Age
15:22 Scale Barding Armor
16:18 Forging
17:41 Bow Saw
18:04 Bloodlines
18:15 Heavy Plow
25:23 Wheelbarrow
29:51 Gold Mining
30:49 Chain Barding Armor
31:33 Iron Casting
31:03 Husbandry
32:02 Stone Mining
32:32 Hand Cart
37:29 Imperial Age
36:36 Fletching
39:11 Conscription
38:14 Gothikon
39:33 Plate Barding Armor
39:25 Vendel Legacy
39:29 Cavalier
40:10 Light Cavalry
42:26 Caravan
47:29 Two-Man Saw
47:19 Crop Rotation
46:36 Elite Jarl
56:21 Blast Furnace
55:42 Hussar
58:13 Bodkin Arrow
61:03 Stone Shaft Mining
60:19 Town Watch
84:58 Coinage
85:04 Coinage
84:51 Guilds
87:34 Banking
88:42 Bracer
94:05 Ballistics
94:45 Chemistry
93:57 Masonry
93:53 Siege Engineers
93:43 Murder Holes
93:29 Treadmill Crane
104:50 Capped Ram
107:31 Architecture
highflyingaction
11:07 Feudal Age
11:20 Man-at-Arms
13:00 Scale Mail Armor
13:09 Loom
14:01 Arson
14:55 Horse Collar
18:03 Forging
22:22 Castle Age
31:49 Fletching
34:33 Chain Mail Armor
37:24 Elite Skirmisher
39:59 Bodkin Arrow
41:21 Padded Archer Armor
44:54 Gambesons
52:07 Imperial Age
53:00 Squires
Jules-François de Croupe-Fendu
7:23 Loom
9:53 Feudal Age
19:42 Castle Age
18:36 Forging
19:18 Horse Collar
19:32 Gold Mining
19:44 Double-Bit Axe
24:34 Scale Barding Armor
26:51 Husbandry
32:52 Wheelbarrow
32:33 Bow Saw
32:33 Heavy Plow
35:41 Hand Cart
40:23 Chain Barding Armor
43:12 Iron Casting
47:27 Imperial Age
47:20 Ballistics
47:54 Heavy Camel Rider
49:16 Plate Barding Armor
52:42 Caravan
67:19 Elite Cataphract
68:33 Logistica
110:33 Conscription
114:54 Padded Archer Armor
114:45 Fletching
116:03 Chemistry
115:16 Elite Skirmisher
116:15 Leather Archer Armor
117:46 Bodkin Arrow
118:21 Ring Archer Armor
118:44 Bracer
^9[O.^2G.^9G.] Knastbruder
0:42 Loom
12:45 Feudal Age
17:12 Forging
19:52 Castle Age
19:53 Scale Mail Armor
19:47 Horse Collar
20:03 Gold Mining
20:39 Squires
20:33 Eagle Warrior
22:09 Chain Mail Armor
22:45 Pikeman
29:09 Double-Bit Axe
30:36 Wheelbarrow
34:07 Heavy Plow
36:30 Iron Casting
38:50 Bow Saw
42:20 Imperial Age
42:42 Arson
43:13 Halberdier
44:39 Crop Rotation
46:43 Hand Cart
47:34 Two-Man Saw
47:21 Plate Mail Armor
48:48 Arson
49:26 Conscription
54:14 Blast Furnace
59:55 Elite Eagle Warrior
62:48 Holcans
68:00 Caravan
107:56 Elite Plumed Archer
110:46 Fletching
110:58 Padded Archer Armor
113:01 Bodkin Arrow
113:24 Leather Archer Armor
113:57 Bracer
114:35 Ring Archer Armor
115:22 Ballistics
116:02 Chemistry
130:08 Thumb Ring
Forlong
9:05 Loom
11:38 Feudal Age
16:42 Castle Age
14:47 Double-Bit Axe
14:49 Horse Collar
15:58 Stone Mining
16:53 Bloodlines
22:13 Scale Barding Armor
25:37 Husbandry
27:06 Fletching
27:30 Forging
30:06 Wheelbarrow
34:41 Pikeman
35:45 Bow Saw
43:29 Imperial Age
41:51 Chain Barding Armor
42:33 Iron Casting
43:45 Fletching
43:43 Cavalier
45:07 Plate Barding Armor
47:57 Blast Furnace
47:35 Bodkin Arrow
50:54 Hand Cart
51:40 Bracer
53:45 Caravan
55:03 Town Watch
56:26 Guilds
59:48 Scale Mail Armor
59:51 Squires
60:14 Guard Tower
61:23 Conscription
60:28 Light Cavalry
64:30 Ballistics
66:53 Hussar
68:40 Coinage
71:05 Halberdier
71:33 Arson
74:04 Keep
73:50 Chain Mail Armor
73:06 Capped Ram
74:17 Supremacy
78:13 Plate Mail Armor
81:45 Banking
81:54 Paladin
88:41 Sappers
93:43 Heavy Plow
98:55 Siege Ram
108:41 Stone Shaft Mining
109:08 Two-Man Saw
108:12 Town Patrol
110:36 Sanctity
110:30 Fervor
114:45 Masonry
123:18 Gambesons
122:53 Man-at-Arms
123:35 Padded Archer Armor
127:06 Gold Mining
127:55 Architecture
127:21 Murder Holes
128:27 Chemistry
127:38 Fortified Wall
127:17 Arrowslits
127:04 Onager
128:11 Block Printing
127:57 Atonement
128:18 Sanctity
128:25 Illumination
134:04 Theocracy
133:49 Redemption
real_psychodad
4:25 Loom
11:08 Feudal Age
17:53 Castle Age
19:19 Forging
19:09 Scale Mail Armor
19:16 Scale Barding Armor
19:03 Fletching
19:14 Padded Archer Armor
19:01 Horse Collar
19:14 Double-Bit Axe
20:18 Pikeman
20:59 Squires
23:03 Heavy Plow
23:04 Elite Skirmisher
25:55 Bow Saw
30:59 Wheelbarrow
34:35 Iron Casting
34:07 Gambesons
34:08 Arson
38:29 Chain Mail Armor
38:11 Bodkin Arrow
38:31 Leather Archer Armor
43:46 Chain Barding Armor
47:25 Imperial Age
44:43 Treadmill Crane
47:11 Hand Cart
51:41 Imperial Age
49:32 Hand Cart
56:15 Halberdier
58:36 Conscription
59:00 Elite Cataphract
62:16 Plate Mail Armor
61:48 Bracer
62:31 Plate Barding Armor
66:06 Murder Holes
67:34 Thumb Ring
68:17 Ring Archer Armor
67:47 Bracer
68:12 Ballistics
69:50 Two-Man Saw
78:51 Hoardings
79:18 Man-at-Arms
81:18 Chemistry
88:07 Cavalier
88:47 Husbandry
90:24 Caravan
91:56 Light Cavalry
93:39 Long Swordsman
95:07 Two-Handed Swordsman
97:32 Champion
98:29 Arrowslits
107:56 Logistica
108:03 Logistica
114:36 Guilds
114:58 Coinage
113:55 Crossbowman
115:15 Arbalester
117:12 Hussar
119:05 Fortified Wall
122:41 Paladin
DarkForestnotagain
4:18 Loom
11:46 Feudal Age
14:38 Fletching
17:19 Castle Age
17:40 Double-Bit Axe
18:35 Bodkin Arrow
22:48 Padded Archer Armor
24:19 Ballistics
24:23 Husbandry
25:38 Bloodlines
28:51 Wheelbarrow
41:51 Hand Cart
41:52 Horse Collar
42:33 Bow Saw
42:53 Gold Mining
42:54 Stone Mining
47:57 Imperial Age
46:40 Thumb Ring
47:45 Leather Archer Armor
48:44 Bracer
49:15 Parthian Tactics
49:22 Conscription
50:17 Heavy Plow
51:04 Heavy Cavalry Archer
54:11 Scale Barding Armor
53:34 Elite Tarkan
55:46 Chain Barding Armor
57:20 Forging
65:33 Iron Casting
68:21 Blast Furnace
69:36 Plate Barding Armor
90:15 Caravan
106:50 Two-Man Saw
110:22 Pikeman
111:03 Squires
110:48 Arson
115:00 Chemistry
126:09 Marauders
Connection lost

Rejoining the realm…

Still unreachable

The connection could not be restored.

Session expired

The server has moved on; the page needs a fresh start.